 Dungeon Crawl Stone Soup version 0.27-a0-29-g2d0a2396b0 (webtiles) character file.

Game seed: 18035978999416784551

273826 Dirian the Slayer (level 19, -1/189 HPs)
             Began as a Minotaur Fighter on Jan 3, 2021.
             Was the Champion of Okawaru.
             Killed by divine providence
             ... invoked by a daeva
              (8 damage)
             ... on level 3 of the Abyss.
             The game lasted 01:22:48 (41027 turns).

Dirian the Slayer (Minotaur Fighter)               Turns: 41027, Time: 01:22:48

Health: -1/189     AC: 42    Str: 31    XL:     19   Next: 51%
Magic:  0/29       EV: 12    Int:  5    God:    Okawaru [******]
Gold:   2488       SH: 29    Dex: 14    Spells: 18/18 levels left

rFire    . . .     SeeInvis .   Q - +6 broad axe (spect)
rCold    + . .     Faith    .   U - +2 tower shield {reflect}
rNeg     . . .     Spirit   +   F - +10 chain mail of the Seven Mystics {Rampage Dex+3}
rPois    +         Reflect  +   G - +1 hat
rElec    +         Harm     .   R - +2 cloak {Stlth+}
rCorr    .         Rampage  +   c - +2 pair of gloves {Str+3}
Will     +....                  O - +2 pair of boots of the Crypt {Rampage rElec}
Stlth    ..........             P - amulet of guardian spirit
HPRegen  0.41/turn              a - ring of poison resistance
MPRegen  0.21/turn              i - +4 ring of protection

@: heroism, finesse
A: retaliatory headbutt, horns 2, cold resistance 1, wild magic 1
}: 2/15 runes: serpentine, barnacled
a: Renounce Religion, Heroism, Finesse


You were on level 3 of the Abyss.
You worshipped Okawaru.
Okawaru was exalted by your worship.
You visited 7 branches of the dungeon, and saw 32 of its levels.
You visited the Abyss 1 time.
You also visited: Bailey and Ice Cave.

You collected 3830 gold pieces.
You spent 1342 gold pieces at shops.

Inventory:

Hand Weapons
 Q - a +6 spectral broad axe (weapon)
 S - the +2 war axe of Zukley {vamp, *Contam +Fly rN++ SInv}
   (Okawaru gifted it to you on level 4 of the Snake Pit)

   It inflicts no extra harm, but heals its wielder when it wounds a living foe.
   It greatly protects you from negative energy.
   It lets you see invisible.
   It lets you fly.
   It causes magical contamination when unequipped.
 X - a +6 broad axe of electrocution
Armour
 c - a +2 pair of gloves of strength (worn)
 F - the +10 chain mail of the Seven Mystics (worn) {Rampage Dex+3}
   (Okawaru gifted it to you on level 2 of the Orcish Mines)

   It affects your dexterity (+3).
   It bestows one free step when moving towards enemies.
 G - a +1 hat (worn)
 O - the +2 pair of boots of the Crypt (worn) {Rampage rElec}
   (Okawaru gifted it to you on level 6 of the Lair of Beasts)

   It insulates you from electricity.
   It bestows one free step when moving towards enemies.
 R - a +2 cloak of stealth (worn)
 U - a +2 tower shield of reflection (worn)
Jewellery
 a - a ring of poison resistance (left hand)
 e - a ring of Daxkujepe {+Fly rElec rPois Str-4 Int+4}
   (You bought it in a shop on level 5 of the Dungeon)

   [ring of poison resistance]

   It affects your strength (-4).
   It affects your intelligence (+4).
   It insulates you from electricity.
   It protects you from poison.
   It lets you fly.
 i - a +4 ring of protection (right hand)
 l - the ring of Ipruma {*Corrode +Blink +Fly Str+5 Stlth-}
   (You took it off a deep elf demonologist on level 3 of the Elven Halls)

   [ring of attention]

   It affects your strength (+5).
   It lets you fly.
   It lets you blink.
   It may corrode you when you take damage.
   It makes you less stealthy.
 J - an uncursed ring of protection from cold
 N - an uncursed ring of positive energy
 P - an amulet of guardian spirit (around neck)
Wands
 s - a wand of iceblast (24)
 v - a wand of digging (15)
 A - a wand of acid (40)
Scrolls
 j - a scroll of enchant weapon
 p - a scroll of holy word
 r - 9 scrolls of identify
 t - 9 scrolls of teleportation
 u - 4 scrolls of immolation
 x - 18 scrolls of remove curse
 z - 4 scrolls of blinking
 C - 5 scrolls of enchant armour
 K - a scroll of acquirement
 L - a scroll of silence
Potions
 b - 7 potions of attraction
 d - a potion of might
 f - 4 potions of ambrosia
 g - 4 potions of mutation
 h - 5 potions of haste
 k - 3 potions of magic
 n - 3 potions of resistance
 q - 10 potions of curing
 w - 4 potions of heal wounds
 y - 7 potions of flight
 H - 3 potions of cancellation
 V - 2 potions of lignification
 W - a potion of invisibility
 Y - 2 potions of berserk rage


   Skills:
 + Level 21.0(26.0) Fighting
 - Level 20.0(25.0) Axes
 + Level 15.2(20.2) Armour
 - Level 20.0(25.0) Shields
 - Level 15.0 Invocations
 * Level 4.7 Evocations


You had 18 spell levels left.
You didn't know any spells.
Your spell library contained the following spells:

 Spells                   Type           Power        Failure   Level
 Animate Skeleton         Necr           0%           86%         1
 Apportation              Tloc           0%           86%         1
 Beastly Appendage        Tmut           0%           86%         1
 Corona                   Hex            0%           86%         1
 Freeze                   Ice            0%           86%         1
 Summon Small Mammal      Summ           0%           86%         1
 Call Imp                 Summ           0%           94%         2
 Corpse Rot               Necr/Air       N/A          94%         2
 Ensorcelled Hibernation  Hex/Ice        0%           94%         2
 Sublimation of Blood     Necr           0%           94%         2
 Wereblood                Tmut           0%           94%         2
 Call Canine Familiar     Summ           0%           99%         3
 Dazzling Flash           Conj/Hex       0%           99%         3
 Frozen Ramparts          Ice            0%           99%         3
 Ozocubu's Armour         Ice            0%           99%         3
 Spider Form              Tmut/Pois      0%           99%         3
 Summon Guardian Golem    Hex/Summ       0%           99%         3
 Animate Dead             Necr           0%           100%        4
 Cause Fear               Hex            0%           100%        4
 Dispel Undead            Necr           0%           100%        4
 Hailstorm                Conj/Ice       0%           100%        4
 Ice Form                 Ice/Tmut       0%           100%        4
 Summon Ice Beast         Ice/Summ       0%           100%        4
 Summon Lightning Spire   Summ/Air       0%           100%        4
 Agony                    Necr           0%           100%        5
 Blade Hands              Tmut           0%           100%        5
 Borgnjor's Vile Clutch   Necr/Erth      0%           100%        5
 Excruciating Wounds      Necr           0%           100%        5
 Irradiate                Conj/Tmut      0%           100%        5
 Silence                  Hex/Air        0%           100%        5
 Summon Demon             Summ           0%           100%        5
 Summon Forest            Summ/Tloc      0%           100%        5
 Summon Mana Viper        Hex/Summ       0%           100%        5
 Yara's Violent Unravell  Hex/Tmut       0%           100%        5
 Death Channel            Necr           0%           100%        6
 Hydra Form               Tmut           0%           100%        6
 Shadow Creatures         Summ           N/A          100%        6
 Simulacrum               Ice/Necr       0%           100%        6
 Statue Form              Tmut/Erth      0%           100%        6
 Dragon Form              Tmut           0%           100%        7
 Summon Hydra             Summ           0%           100%        7
 Discord                  Hex            0%           100%        8
 Dragon's Call            Summ           0%           100%        9


Dungeon Overview and Level Annotations

Branches:
Dungeon (12/15)            Temple (1/1) D:5            Lair (6/6) D:9
 Shoals (4/4) Lair:4        Snake (4/4) Lair:3        Slime (0/5) Lair:6
    Orc (2/2) D:12            Elf (3/3) Orc:2        Bailey (visited)
  IceCv (visited)

Altars:
Ashenzari
Cheibriados
Dithmenos
Elyvilon
Fedhas
Gozag
Hepliaklqana
Kikubaaqudgha
Makhleb
Nemelex Xobeh
Okawaru
Qazlal
Ru
Sif Muna
Trog
Uskayaw
Vehumet
Wu Jian
Xom
Yredelemnul
Zin
The Shining One
Beogh
Jiyva

Shops:
D:5 ?=*:   D:8 *   Orc:2 :(!!   Elf:3 ([   Shoals:2 [   Snake:1 }=}


Innate Abilities, Weirdness & Mutations

You reflexively headbutt those who attack you in melee.
You have a pair of horns on your head.
Your flesh is cold resistant. (rC+)
Your spells are a little harder to cast, but a little more powerful.


Message History

You suddenly lose the ability to move!
The daeva hits you but does no damage.
The daeva hits you with a +3 scimitar of holy wrath.
* * * LOW HITPOINT WARNING * * *
You can move again.
The daeva hits your spectral weapon with a +3 scimitar of holy wrath!!
Your spectral weapon shares its damage with you!
Your spectral weapon fades away.
* * * LOW HITPOINT WARNING * * *
The daeva calls down the wrath of the Shining One upon you.
The Shining One smites you!
* * * LOW HITPOINT WARNING * * *
A starcursed mass splits.
A small abomination comes into view.
The daeva calls down the wrath of the Shining One upon you.
The Shining One smites you!
* * * LOW HITPOINT WARNING * * *
The daeva calls down the wrath of the Shining One upon you.
The Shining One smites you!
You die...

._#. .#X .....#
####
.....X.XA##.......
..##.###X.###.##...
#......#.##.###
#..##AX##.....# ..
###..##..## #.X..##
# #.#x...#.##..#
###.##@.......
##..#.#..#.# ##.
....... .# ..#.###
.. ### .# .#. ..
#.. # . .


You could see 2 starcursed masses, a daeva and a small abomination (wandering).

Vanquished Creatures
  Bai Suzhen (Shoals:3)
  A profane servitor (Abyss:3)
  Rupert (Lair:6)
  2 deep elf blademasters
  The ghost of Sassenached the Warrior, an adept DrWn of Gozag (Snake:4)
  A deep elf master archer (Elf:3)
  2 tentacled starspawn (Abyss:3)
  Gastronok (Lair:2)
  4 krakens
  9 nagarajas
  Aizul (Snake:4)
  A deep elf sorcerer (Elf:3)
  The ghost of Duutruzu the Ninja, an adept SpEn of Ru (Snake:3)
  A reaper (Abyss:3)
  The ghost of tilp the Fighter, a journeyman VSBr of Makhleb (Orc:2)
  2 deep elf annihilators (Elf:3)
  4 deep elf demonologists (Elf:3)
  A minotaur (Shoals:4)
  A deep elf death mage (Elf:3)
  3 merfolk javelineers (Shoals:4)
  The ghost of Orop the Summoner, a journeyman GnSu of Sif Muna (Lair:2)
  6 merfolk impalers
  2 blizzard demons (IceCv)
  Josephine (D:11)
  3 deep elf high priests (Elf:3)
  Erolcha (D:9)
  A boulder beetle (Lair:5)
  Fannar (D:10)
  15 naga warriors
  A merfolk avatar (Shoals:4)
  9 hydras
  3 merfolk aquamancers (Shoals:4)
  Erica (Lair:2)
  A death knight (D:12)
  A catoblepas (Lair:6)
  2 alligator snapping turtles (Shoals:4)
  9 anacondas
  A queen ant (Lair:3)
  13 two-headed ogres
  33 dancing weapons
  4 ogre magi (Orc:2)
  3 satyrs
  7 death yaks
  A deep troll shaman (Lair:6)
  9 naga sharpshooters
  Urug (Lair:4)
  6 shock serpents
  19 deep elf knights
  3 salamander mystics
  2 wretched stars (Abyss:3)
  A sixfirhy (Abyss:3)
  An unseen horror (D:12)
  6 naga ritualists
  10 deep elf archers
  21 sea snakes
  4 starcursed masses (Abyss:3)
  A lindwurm (Lair:6)
  53 deep elf magi
  12 fauns
  Pikel (D:9)
  2 orc knights
  11 manticores
  2 cyclopes
  3 ugly things
  9 salamanders
  4 mana vipers
  8 merfolk sirens
  3 guardian serpents
  7 elephants
  15 cane toads
  4 water nymphs (Shoals:4)
  An apocalypse crab (Abyss:3)
  24 naga magi
  Psyche (D:9)
  21 black mambas
  An ice statue (IceCv)
  A smoke demon (Abyss:3)
  Maggie (D:7)
  13 komodo dragons
  7 anaconda simulacra
  A hellwing (Abyss:3)
  4 ice devils (IceCv)
  11 rime drakes
  5 yaktaurs (D:12)
  A golden dragon simulacrum (IceCv)
  A freezing wraith (IceCv)
  3 trolls
  4 meliai (Shoals:4)
  25 merfolk
  A meliai (shapeshifter) (Elf:2)
  8 blink frogs
  4 dream sheep (Lair:6)
  10 polar bears
  7 raiju (Abyss:3)
  7 wind drakes
  8 snapping turtles
  3 spectral black mambas (Snake:4)
  Sigmund (D:4)
  2 wyverns
  8 air elementals
  37 yaks
  6 water elementals
  6 wraiths
  4 basilisks
  A fire elemental (Elf:1)
  2 neqoxecs (Abyss:3)
  12 steam dragons
  A harpy simulacrum (IceCv)
  38 nagas
  2 wargs
  6 soldier ants (Lair:3)
  2 iron troll simulacra (IceCv)
  3 large abominations (Abyss:3)
  4 hydra simulacra (IceCv)
  18 orc warriors
  19 water moccasins
  6 black bears
  3 sky beasts
  2 ice beasts
  A phantom (D:10)
  2 small abominations (Abyss:3)
  A necrophage (D:11)
  An eye of draining (D:12)
  A black mamba simulacrum (Snake:4)
  34 ogres
  15 wolves
  9 centaurs
  A lemure (D:9)
  12 bullfrogs
  3 big kobolds
  A gnoll sergeant (D:9)
  2 earth elementals
  5 scorpions
  An elephant simulacrum (IceCv)
  17 killer bees
  A swamp dragon simulacrum (IceCv)
  4 spectral nagas (Snake:4)
  4 wights (D:10)
  An electric eel (Snake:3)
  12 orc priests
  3 jellies
  A quasit (D:11)
  2 bullfrog zombies
  3 draconian simulacra (IceCv)
  5 centaur skeletons
  A centaur zombie (D:5)
  3 hounds
  A bullfrog skeleton (D:12)
  4 iguanas
  13 orc wizards
  Natasha (thrice) (D:4)
  23 worker ants
  4 spriggan simulacra (IceCv)
  3 polar bear simulacra (IceCv)
  5 troll simulacra (IceCv)
  A killer bee zombie (D:8)
  A wolf simulacrum (IceCv)
  2 centaur simulacra (IceCv)
  A hound skeleton (D:7)
  A howler monkey zombie (D:6)
  A worker ant zombie (D:6)
  14 gnolls
  A howler monkey skeleton (D:6)
  An ogre simulacrum (IceCv)
  16 adders
  2 shadow imps
  6 white imps (IceCv)
  7 ufetubi
  An adder skeleton (D:5)
  3 worms
  A dart slug (D:1)
  4 leopard geckos
  58 orcs
  A ball python (D:3)
  4 giant cockroaches
  9 goblins
  7 hobgoblins
  11 jackals
  A quokka (D:4)
  4 bats
  5 frilled lizards (D:2)
  A jackal zombie (D:7)
  20 kobolds
  5 rats
  4 crawling corpses (Elf:3)
  3 starspawn tentacles (Abyss:3)
  8 tentacles
1139 creatures vanquished.

Vanquished Creatures (others)
  2 rime drakes (Lair:2)
  2 white imps (IceCv)
  2 ufetubi (IceCv)
  A kobold (D:9)
  A quokka (D:2)
  16 fungi
  90 plants
  6 starspawn tentacles (Abyss:3)
  26 tentacles
146 creatures vanquished.

Grand Total: 1285 creatures vanquished

Notes
Turn   | Place    | Note
-------+----------+-------------------------------------------
     0 | D:1      | Dirian the Minotaur Fighter began the quest for the Orb.
     0 | D:1      | Reached XP level 1. HP: 19/19 MP: 0/0
    47 | D:1      | Found a sparkling altar of Nemelex Xobeh.
   122 | D:1      | Reached XP level 2. HP: 27/27 MP: 1/1
   356 | D:1      | Reached skill level 4 in Fighting
   497 | D:2      | Reached XP level 3. HP: 33/33 MP: 2/2
   753 | D:2      | Reached XP level 4. HP: 30/40 MP: 3/3
   965 | D:2      | Found a white marble altar of Elyvilon.
  1066 | D:3      | Found a glowing silver altar of Zin.
  1939 | D:4      | Reached XP level 5. HP: 47/47 MP: 4/4
  2052 | D:4      | Reached skill level 5 in Axes
  2052 | D:4      | Reached skill level 5 in Shields
  2148 | D:4      | Noticed an ogre
  2150 | D:4      | Killed an ogre
  2151 | D:4      | Reached XP level 6. HP: 53/53 MP: 5/5
  2337 | D:4      | Noticed Sigmund
  2363 | D:4      | Killed Sigmund
  2364 | D:4      | Reached skill level 5 in Fighting
  2364 | D:4      | Reached skill level 5 in Armour
  2364 | D:4      | Reached XP level 7. HP: 39/61 MP: 6/6
  2526 | D:4      | Noticed Natasha
  2531 | D:4      | Killed Natasha
  2641 | D:4      | Noticed Natasha
  2649 | D:4      | Killed Natasha
  2691 | D:4      | Noticed Natasha
  2699 | D:4      | Killed Natasha
  2733 | D:5      | Entered Level 5 of the Dungeon
  2793 | D:5      | Found Elligi's Magic Scroll Shop.
  2900 | D:5      | Found Hosusch's Jewellery Boutique.
  2922 | D:5      | Found Budoyb's Book Shoppe.
  2936 | D:4      | Found a hazy altar of Hepliaklqana.
  3059 | D:5      | Found a sacrificial altar of Ru.
  3116 | D:5      | Found Araf's Book Shoppe.
  3128 | D:5      | Found Zaux's Assorted Antiques.
  3176 | D:5      | Found a staircase to the Ecumenical Temple.
  3324 | D:5      | Reached XP level 8. HP: 68/68 MP: 7/7
  3340 | D:5      | Got an ancient falchion
  3402 | Temple   | Entered the Ecumenical Temple
  3450 | Temple   | Became a worshipper of Warmaster Okawaru
  3557 | D:5      | Found a sparkling altar of Nemelex Xobeh.
  3606 | D:6      | Found a stormy altar of Qazlal.
  4278 | D:6      | Identified the +8 falchion of Pestilence {vorpal, rC++
                  | Int-4} (You found it on level 5 of the Dungeon)
  4331 | D:7      | Reached skill level 1 in Invocations
  4368 | D:6      | Noticed a six-headed hydra
  4368 | D:6      | Noticed an ogre mage
  4427 | D:7      | Reached * piety under Okawaru
  4759 | D:7      | Reached XP level 9. HP: 75/75 MP: 9/9
  4878 | D:7      | Reached skill level 10 in Axes
  4882 | D:7      | Reached skill level 6 in Fighting
  4882 | D:7      | Reached ** piety under Okawaru
  5118 | D:7      | Noticed Maggie
  5133 | D:7      | Killed Maggie
  5535 | D:8      | Found a blossoming altar of Fedhas.
  5616 | D:8      | Reached *** piety under Okawaru
  5908 | D:8      | Reached skill level 7 in Fighting
  5991 | D:8      | Found Lycozirgh's General Store.
  6174 | D:9      | Noticed Erolcha
  6183 | D:9      | Noticed Psyche
  6184 | D:9      | Noticed an elephant
  6190 | D:9      | Killed Erolcha
  6190 | D:9      | Reached **** piety under Okawaru
  6191 | D:9      | Reached XP level 10. HP: 78/86 MP: 10/12
  6195 | D:9      | Killed Psyche
  6196 | D:9      | Reached skill level 5 in Invocations
  6198 | D:9      | Killed an elephant
  6224 | D:9      | Found a flagged portal.
  6233 | Bailey   | Entered a bailey
  6442 | Bailey   | Found an iron altar of Okawaru.
  6516 | Bailey   | Got a fine buckler
  6546 | D:9      | Reached ***** piety under Okawaru
  6578 | D:9      | Found a shimmering blue altar of Sif Muna.
  6771 | D:9      | Reached skill level 8 in Fighting
  6793 | D:9      | Noticed Pikel
  6799 | D:9      | Killed Pikel
  6878 | D:9      | Found a staircase to the Lair.
  7158 | D:9      | Found an ornate altar of the Wu Jian Council.
  7161 | D:9      | Found a burning altar of Makhleb.
  7164 | D:9      | Found a hide-covered altar of Uskayaw.
  7284 | D:9      | Found a shimmering altar of Xom.
  7418 | D:10     | Entered Level 10 of the Dungeon
  7533 | D:10     | Reached XP level 11. HP: 88/95 MP: 14/14
  7895 | D:10     | Received a gift from Okawaru
  8002 | D:10     | Noticed a six-headed hydra
  8012 | D:10     | Killed a ten-headed hydra
  8217 | D:10     | Noticed Fannar
  8243 | D:10     | Killed Fannar
  8472 | D:10     | Reached skill level 9 in Fighting
  8903 | D:11     | Received a gift from Okawaru
  9373 | D:11     | Noticed Josephine
  9390 | D:11     | Killed Josephine
  9391 | D:11     | Reached skill level 10 in Fighting
  9796 | D:11     | Noticed a cyan ugly thing
  9807 | D:11     | Killed a cyan ugly thing
  9807 | D:11     | Received a gift from Okawaru
 10252 | D:11     | Identified the cursed -1 buckler of Xerog {rF+ rCorr} (You
                  | found it in a bailey)
 10314 | D:12     | Noticed a two-headed ogre
 10320 | D:12     | Killed a two-headed ogre
 10321 | D:12     | Reached skill level 11 in Fighting
 10662 | D:12     | Reached skill level 10 in Armour
 10775 | D:12     | Noticed a cyan ugly thing
 10777 | D:12     | Noticed a deep elf mage
 10790 | D:12     | Killed a cyan ugly thing
 10791 | D:12     | Reached XP level 12. HP: 12/110 MP: 15/17
 11127 | D:12     | Found a staircase to the Orcish Mines.
 11237 | D:12     | Reached skill level 12 in Fighting
 11627 | D:12     | Noticed a death knight
 11855 | D:12     | Killed a death knight
 12453 | D:12     | Reached skill level 13 in Fighting
 12815 | Orc:1    | Entered Level 1 of the Orcish Mines
 13475 | Orc:1    | You fall into a shaft and drop 1 floor!
 13475 | Orc:2    | Entered Level 2 of the Orcish Mines
 13475 | Orc:2    | Found a roughly hewn altar of Beogh.
 14128 | Orc:2    | Noticed a two-headed ogre
 14131 | Orc:2    | Noticed a two-headed ogre
 14131 | Orc:2    | Noticed a two-headed ogre
 14132 | Orc:2    | Noticed an ogre mage
 14133 | Orc:2    | Noticed an ogre mage
 14134 | Orc:2    | Noticed a two-headed ogre
 14134 | Orc:2    | Noticed an ogre mage
 14135 | Orc:2    | Killed a two-headed ogre
 14137 | Orc:2    | Noticed a two-headed ogre
 14137 | Orc:2    | Noticed a two-headed ogre
 14138 | Orc:2    | Noticed a two-headed ogre
 14138 | Orc:2    | Killed a two-headed ogre
 14138 | Orc:2    | Received a gift from Okawaru
 14138 | Orc:2    | Reached ****** piety under Okawaru
 14143 | Orc:2    | Noticed a two-headed ogre
 14144 | Orc:2    | Killed a two-headed ogre
 14145 | Orc:2    | Reached skill level 14 in Fighting
 14146 | Orc:2    | Noticed a two-headed ogre
 14148 | Orc:2    | Killed a two-headed ogre
 14149 | Orc:2    | Noticed an ogre mage
 14154 | Orc:2    | Killed a two-headed ogre
 14154 | Orc:2    | Killed an ogre mage
 14158 | Orc:2    | Killed a two-headed ogre
 14159 | Orc:2    | Reached XP level 13. HP: 60/124 MP: 19/19
 14951 | Orc:2    | Reached skill level 10 in Invocations
 14971 | Orc:2    | Found Uheskol's Antique Weapon Shop.
 14972 | Orc:2    | Found Ciluach's Book Emporium.
 14972 | Orc:2    | Found Cilohy's Distillery.
 14972 | Orc:2    | Found Luam's Distillery.
 14983 | Orc:2    | Bought a potion of resistance for 130 gold pieces
 14983 | Orc:2    | Bought a potion of might for 52 gold pieces
 14983 | Orc:2    | Bought a potion of heal wounds for 65 gold pieces
 14983 | Orc:2    | Bought a potion of heal wounds for 65 gold pieces
 14984 | Orc:2    | Bought a potion of might for 52 gold pieces
 14984 | Orc:2    | Bought a potion of curing for 39 gold pieces
 14984 | Orc:2    | Bought a potion of heal wounds for 65 gold pieces
 14984 | Orc:2    | Bought a potion of curing for 39 gold pieces
 15215 | Orc:2    | Found a runed translucent door.
 15224 | Orc:2    | Noticed tilp's ghost (journeyman VSBr)
 15291 | Orc:2    | Reached skill level 15 in Fighting
 15296 | Orc:2    | Reached skill level 10 in Shields
 15446 | Orc:2    | Found a staircase to the Elven Halls.
 15560 | Orc:2    | Killed tilp's ghost
 15560 | Orc:2    | Received a gift from Okawaru
 15563 | Orc:2    | Got a slimy chain mail {god gift}
 15734 | Orc:2    | Identified the +10 chain mail of the Seven Mystics {Rampage
                  | Dex+3} (Okawaru gifted it to you on level 2 of the Orcish
                  | Mines)
 15773 | Orc:2    | Bought a glowing hand axe for 120 gold pieces
 15968 | D:5      | Bought a glowing hand axe for 210 gold pieces
 16083 | Lair:1   | Entered Level 1 of the Lair of Beasts
 16091 | Lair:1   | Found a shimmering altar of Xom.
 16957 | Lair:2   | Found a runed translucent door.
 16957 | Lair:2   | Noticed Orop's ghost (journeyman GnSu)
 17015 | Lair:2   | Noticed Gastronok
 17026 | Lair:2   | Killed Gastronok
 17718 | Lair:2   | Noticed Erica
 17729 | Lair:2   | Killed Erica
 17730 | Lair:2   | Reached skill level 16 in Fighting
 17730 | Lair:2   | Reached XP level 14. HP: 130/137 MP: 20/20
 18120 | Lair:2   | Killed Orop's ghost
 18120 | Lair:2   | Received a gift from Okawaru
 18743 | Lair:3   | Found a staircase to the Snake Pit.
 19630 | Lair:4   | Found a staircase to the Shoals.
 19641 | Lair:4   | Noticed Urug
 19648 | Lair:4   | Killed Urug
 20281 | Lair:5   | Reached skill level 15 in Axes
 20285 | Lair:5   | Received a gift from Okawaru
 20288 | Lair:5   | Got a dazzling ring mail {god gift}
 20893 | Lair:5   | You fall into a shaft and drop 1 floor!
 20893 | Lair:6   | Entered Level 6 of the Lair of Beasts
 21244 | Lair:6   | Noticed Rupert
 21257 | Lair:6   | Killed Rupert
 21265 | Lair:6   | Reached XP level 15. HP: 91/145 MP: 18/22
 21484 | Lair:6   | Found a staircase to the Slime Pits.
 21484 | Lair:6   | Found a viscous altar of Jiyva.
 21951 | Lair:6   | Received a gift from Okawaru
 21959 | Lair:6   | Got a pair of ichor-stained boots {god gift}
 21969 | Lair:6   | Identified the +2 pair of boots of the Crypt {Rampage
                  | rElec} (Okawaru gifted it to you on level 6 of the Lair of
                  | Beasts)
 22514 | Lair:6   | Identified a scroll of acquirement
 22525 | Lair:6   | Identified the +1 ring mail "Inweanwod" {Harm Will+ Dex+2}
                  | (Okawaru gifted it to you on level 5 of the Lair of Beasts)
 22543 | Lair:6   | Upgraded the game from 0.27-a0-13-g87abb2d9eb to
                  | 0.27-a0-29-g2d0a2396b0
 22727 | D:5      | Bought a ring of Daxkujepe {+Fly rElec rPois Str-4 Int+4}
                  | for 505 gold pieces
 22888 | Snake:1  | Entered Level 1 of the Snake Pit
 24279 | Snake:1  | Found Fypobloq's Gadget Shop.
 24280 | Snake:1  | Found Huff's Jewellery Emporium.
 24281 | Snake:1  | Found Tuqis's Gadget Shop.
 24336 | Snake:1  | Reached skill level 17 in Fighting
 25265 | Snake:2  | Noticed a nagaraja
 25286 | Snake:2  | Killed a nagaraja
 25286 | Snake:2  | Received a gift from Okawaru
 25287 | Snake:2  | Reached skill level 15 in Shields
 25289 | Snake:2  | Got a glimmering hand axe {god gift}
 25289 | Snake:2  | Identified the +9 hand axe of Quick Death {freeze, rN+
                  | Will+ MP+9} (Okawaru gifted it to you on level 2 of the
                  | Snake Pit)
 26230 | Snake:3  | Received a gift from Okawaru
 26231 | Snake:3  | Reached XP level 16. HP: 149/155 MP: 24/24
 26765 | Snake:3  | Found a runed translucent door.
 27332 | Snake:3  | Noticed Duutruzu's ghost (adept SpEn)
 27355 | Snake:3  | Killed Duutruzu's ghost
 27462 | Snake:4  | Entered Level 4 of the Snake Pit
 27468 | Snake:4  | Found a frozen archway.
 27474 | IceCv    | Entered an ice cave
 28834 | IceCv    | Got a pair of dazzling gloves
 28844 | IceCv    | Identified the +2 pair of gloves of Heamnec {rC+} (You
                  | found it in an ice cave)
 29016 | Snake:4  | Found a runed translucent gate.
 29016 | Snake:4  | Found a runed translucent gate.
 29016 | Snake:4  | Found a runed translucent gate.
 29020 | Snake:4  | Noticed Sassenached's ghost (adept DrWn)
 29065 | Snake:4  | Noticed Aizul
 29077 | Snake:4  | Killed Aizul
 29294 | Snake:4  | Received a gift from Okawaru
 29877 | Snake:4  | Killed Sassenached's ghost
 30238 | Snake:4  | Received a gift from Okawaru
 30258 | Snake:4  | Got an ichor-stained war axe {god gift}
 30258 | Snake:4  | Identified the +2 war axe of Zukley {vamp, *Contam +Fly
                  | rN++ SInv} (Okawaru gifted it to you on level 4 of the
                  | Snake Pit)
 30292 | Snake:4  | Reached skill level 18 in Fighting
 30775 | Snake:4  | Reached XP level 17. HP: 120/163 MP: 25/25
 30951 | Snake:4  | Received a gift from Okawaru
 30952 | Snake:4  | Got a crystal war axe {god gift}
 31261 | Snake:4  | Got a serpentine rune of Zot
 31389 | Snake:4  | Identified the +6 war axe of Extinguishment {vorpal, +Rage}
                  | (Okawaru gifted it to you on level 4 of the Snake Pit)
 31621 | Shoals:1 | Entered Level 1 of the Shoals
 32007 | Shoals:1 | Received a gift from Okawaru
 32432 | Shoals:2 | Found Cipt's Armour Shoppe.
 32610 | Shoals:2 | Identified Dumuen's Disquisition on the Ensnaring Entourage
 33290 | Shoals:3 | Noticed Bai Suzhen
 33338 | Shoals:3 | Killed Bai Suzhen
 33885 | Shoals:3 | Noticed a kraken
 33904 | Shoals:3 | Killed a kraken
 34132 | Shoals:4 | Entered Level 4 of the Shoals
 34196 | Shoals:4 | Found a hide-covered altar of Uskayaw.
 34869 | Shoals:4 | Noticed a kraken
 34892 | Shoals:4 | Killed a kraken
 34902 | Shoals:4 | Noticed a kraken
 34914 | Shoals:4 | Killed a kraken
 34922 | Shoals:4 | Received a gift from Okawaru
 34949 | Shoals:4 | Got a barnacled rune of Zot
 35618 | Shoals:4 | Reached XP level 18. HP: 174/174 MP: 27/27
 36456 | Shoals:4 | Received a gift from Okawaru
 36457 | Shoals:4 | Reached skill level 19 in Fighting
 36520 | Shoals:4 | Got a smouldering hand axe {god gift}
 36521 | Shoals:4 | Identified the +5 hand axe of Ancient Evil {freeze, Str-5
                  | Int+4} (Okawaru gifted it to you on level 4 of the Shoals)
 36825 | Elf:1    | Entered Level 1 of the Elven Halls
 38007 | Elf:2    | Received a gift from Okawaru
 38020 | Elf:2    | Found a runed translucent gate.
 38020 | Elf:2    | Found a runed translucent gate.
 38020 | Elf:2    | Found a runed translucent gate.
 38276 | Elf:2    | Got a crude chain mail
 38286 | Elf:2    | Identified the +1 chain mail of Love and Death {rPois} (You
                  | found it on level 2 of the Elven Halls)
 38849 | Elf:2    | Received a gift from Okawaru
 39161 | Elf:3    | Entered Level 3 of the Elven Halls
 39177 | Elf:3    | Reached skill level 15 in Invocations
 39261 | Elf:3    | Reached skill level 1 in Evocations
 39283 | Elf:3    | Found Lucwedal's Armour Shoppe.
 39296 | Elf:3    | Reached XP level 19. HP: 168/184 MP: 27/29
 39425 | Elf:3    | Reached skill level 20 in Fighting
 39481 | Elf:3    | Found Sugot's Weapon Shop.
 39525 | Elf:3    | Received a gift from Okawaru
 39945 | Elf:3    | Reached skill level 15 in Armour
 40306 | Elf:3    | Identified the ring of Ipruma {*Corrode +Blink +Fly Str+5
                  | Stlth-}
 40662 | Elf:3    | Cast into level 3 of the Abyss (a deep elf demonologist)
 40742 | Abyss:3  | Gained mutation: Your flesh is cold resistant. (rC+) [a
                  | neqoxec]
 40743 | Abyss:3  | Gained mutation: Your spells are a little harder to cast,
                  | but a little more powerful. [a neqoxec]
 40853 | Abyss:3  | Noticed a profane servitor
 40872 | Abyss:3  | Killed a profane servitor
 40901 | Abyss:3  | Received a gift from Okawaru
 40902 | Abyss:3  | Reached skill level 21 in Fighting
 41014 | Abyss:3  | Found a corrupted altar of Lugonu.
 41018 | Abyss:3  | Paralysed by accursed screaming for 1 turns
 41026 | Abyss:3  | HP: 7/189 [daeva/divine providence (8)]
 41027 | Abyss:3  | Killed from afar by a daeva

Illustrated notes

Levels and vault maps discovered:
D:1:      nzn_arrival_water_spiral, layout_basic,
          corexii_item_surrounded_by_moat, nemelex_xobeh_ov_fountains_minmay
D:2:      minmay_chambers_of_ones, layout_rooms, elyvilon_altar_4
D:3:      layout_basic, zin_academy
D:4:      layout_basic, nicolae_overflow_hidden_temple, uniq_natasha,
          uniq_sigmund
D:5:      lemuel_upstairs_altar, layout_rooms, marbit_many_paths,
          lemuel_temple_firewalk_b, serial_shops, kennysheep_mini_moat,
          nicolae_shop_statue_plus, shop, shop, shop
D:6:      minmay_klotski, layout_gridville, basic_altar, kennysheep_another_room
D:7:      black_bear_nest_2, layout_cave_pools, uniq_maggie
D:8:      layout_loops_ring, fedhas_altar_3, serial_shops, shop
D:9:      layout_cave_pools, kennysheep_little_box,
          grunt_temple_overflow_diamond, old_standard_altar, david_lair_generic,
          enter_bailey_8, uniq_erolcha, uniq_pikel, uniq_psyche
D:10:     layout_basic, serial_curves, eino_curves_04, eino_curves_01,
          eino_curves_04, uniq_fannar
D:11:     layout_cave_pods, lightli_orcish_oven, uniq_josephine
D:12:     layout_stronghold, david_orc_2
Temple:   cyrus_circular_temple
Lair:1:   layout_cave_pods, basic_altar
Lair:2:   layout_cave_pods, hellmonk_ghost_happy_afterlife,
          bobbens_dragon_lair_wall, uniq_gastronok, uniq_erica
Lair:3:   layout_regular_city, dummy_snake_entry, chequers_serial_rivers_room_a,
          minmay_another_anthill
Lair:4:   layout_gridlike, minmay_shoals_entry_centaurs,
          chequers_serial_rivers_room_a, lemuel_fruit_fields,
          grunt_megastairs_4, uniq_urug
Lair:5:   layout_regular_city
Lair:6:   grunt_lair_end_beastmaster, layout_hall_layers, slime_altar_1,
          uniq_rupert
Shoals:1: layout_shoals
Shoals:2: nicolae_shoals_island_circles, layout_shoals, serial_shops, shop
Shoals:3: layout_shoals, serial_shops, shop, uniq_bai_suzhen
Shoals:4: shoals_end_hangedman, layout_shoals, regret_index_shoals_crete
Snake:1:  layout_chambers, minmay_shop_grove, serial_bayou_shore_b
Snake:2:  layout_basic
Snake:3:  layout_basic, ebering_ghost_reflecting_pool
Snake:4:  snake_pit, layout_gridlike, portal_ice_cave_entry_pillars_four,
          gammafunk_ghost_necromancy, serial_bayou_pond_c, uniq_aizul
Orc:1:    layout_caves
Orc:2:    st_orc_ogre_mass, layout_diamond_mine, ebering_ghost_reflecting_pool,
          basic_altar
Elf:1:    layout_gridlike, hangedman_elven_crosses_minicolossus
Elf:2:    layout_loops_corners, dk_noncrumbling_4
Elf:3:    elf_hall, layout_gridlike, serial_shops, shop, drop_trap,
          minmay_shop_star
Abyss:3:  base: D:3, evilmike_abyss_rune_siren_acolytes,
          hangedman_abyss_or_decor_jellyfish_corner,
          evilmike_abyss_exit_mutagenic,
          due_evilmike_abyss_rune_seething_liches,
          nicolae_abyss_rune_star_stuff, hangedman_abyss_feature_spike,
          abyss_furniture_001, nicolae_abyss_rune_star_stuff

Skill      XL: |  1  2  3  4  5  6  7  8  9 10 11 12 13 14 15 16 17 18 19 |
---------------+----------------------------------------------------------+-----
Armour         | 4 5 6 7 8 10 12 13 14 15 | 15.2
Fighting       | 4 5 7 8 11 14 16 17 18 19 21 | 21.0
Shields        | 4 5 6 7 8 9 11 13 15 18 20 | 20.0
Axes           | 3 4 5 6 8 9 12 13 14 15 17 18 20 | 20.0
Invocations    | 2 4 6 8 9 10 11 12 13 14 15 | 15.0
Evocations     | 1 4 |  4.7

Action                   |  1- 3 |  4- 6 |  7- 9 | 10-12 | 13-15 | 16-18 | 19-21 || total
-------------------------+-------+-------+-------+-------+-------+-------+-------++-------
Melee: War axe           |    74 |   102 |   314 |    32 |       |   548 |       ||  1070
       Headbutt          |     9 |    18 |    60 |   146 |   293 |   445 |    64 ||  1035
       Broad axe         |       |       |       |   564 |   846 |   351 |   219 ||  1980
       Hand axe          |       |       |       |       |   126 |   718 |       ||   844
Invok: Heroism           |       |       |     3 |    10 |    14 |    16 |     5 ||    48
       Finesse           |       |       |       |       |     2 |     1 |     1 ||     4
Evoke: Wand              |       |       |       |     4 |       |       |       ||     4
  Use: Scroll            |       |    12 |     8 |     5 |     8 |    22 |       ||    55
       Potion            |       |       |     3 |     3 |     2 |     2 |     1 ||    11
 Stab: Distracted        |       |       |       |       |       |     1 |     5 ||     6
Armor: Scale mail        |    41 |    37 |     3 |       |       |       |       ||    81
       Chain mail        |       |       |   114 |   255 |   431 |   526 |    57 ||  1383
       Skin              |       |       |    97 |       |       |       |       ||    97
       Plate armour      |       |       |       |    44 |    41 |       |       ||    85
Dodge: Dodged            |    27 |    40 |   112 |   257 |   363 |   195 |    18 ||  1012
       Repelled          |       |       |       |       |     3 |     4 |       ||     7
Block: Kite shield       |    59 |    38 |   230 |   472 |   697 |    76 |       ||  1572
       Tower shield      |       |       |       |       |       |  1324 |   160 ||  1484
       Reflection        |       |       |       |       |       |   144 |    15 ||   159

Table legend: (Time is in decaauts)
 A = Elapsed time spent in this place.
 B = Non-inter-level travel time spent in this place.
 C = Inter-level travel time spent in this place.
 D = Time resting spent in this place.
 E = Time spent auto-exploring this place.
 F = Levels seen in this place.
 G = Mean time per level.
                   A        B        C        D        E       F      G
               +--------+--------+--------+--------+--------+-----+--------+
         Total |  40774 |  38725 |   2049 |   2040 |  29350 |  35 | 1165.0 |
       Dungeon |  13386 |  12464 |    922 |    697 |   9650 |  12 | 1115.5 |
        Temple |     61 |     61 |      0 |      0 |     43 |   1 |   61.0 |
          Lair |   7091 |   6645 |    446 |    403 |   5345 |   6 | 1181.8 |
        Shoals |   5157 |   4921 |    236 |    182 |   3657 |   4 | 1289.2 |
     Snake Pit |   6632 |   6366 |    266 |      0 |   5267 |   4 | 1658.0 |
  Orcish Mines |   2728 |   2631 |     97 |    587 |   1561 |   2 | 1364.0 |
   Elven Halls |   3730 |   3651 |     79 |      0 |   2849 |   3 | 1243.3 |
         Abyss |    335 |    335 |      0 |      0 |     48 |   1 |  335.0 |
        Bailey |    296 |    296 |      0 |    107 |     69 |   1 |  296.0 |
      Ice Cave |   1353 |   1353 |      0 |     64 |    859 |   1 | 1353.0 |
               +--------+--------+--------+--------+--------+-----+--------+

Top non-repeatable levels by time:
    D:12: 2648 daAuts
 Snake:4: 2512 daAuts
Shoals:4: 2455 daAuts
 Snake:1: 1865 daAuts
    D:11: 1687 daAuts
    D:10: 1483 daAuts
  Lair:2: 1471 daAuts
   Elf:3: 1457 daAuts
  Lair:3: 1419 daAuts
   Orc:2: 1415 daAuts
  Lair:6: 1366 daAuts
   IceCv: 1353 daAuts
   Orc:1: 1313 daAuts
   Elf:2: 1226 daAuts
 Snake:2: 1183 daAuts
